[Event "12th WLC Weekend 2022"]
[Site "Eindhoven"]
[Date "2022.05.13"]
[Round "1.10"]
[White "Bruil, Rembrandt"]
[Black "Verhoeven, Robin"]
[Result "1/2-1/2"]
[ECO "A80"]
[WhiteElo "2122"]
[BlackElo "1946"]
[Annotator "TA"]
[PlyCount "78"]
[EventDate "2022.05.13"]
[EventType "swiss"]
[EventCountry "NED"]
[SourceTitle "playchess.com"]
[Source "ChessBase"]
[SourceQuality "1"]
[TimeControl "5400+30"]

1. d4 f5 2. Nc3 Nf6 3. Bg5 c6 4. Bxf6 exf6 5. e3 d5 6. Bd3 Bd6 7. h4 h5 8. Qf3 g6 9. Nge2 Be6 {[%emt 0:00:41] A80: Dutch Defence: Unusual White second moves.} 10. Nf4 Bf7 11. O-O-O Nd7 {[%emt 0:01:57] [#] Black is slightly better.} 12. Rdg1 $146 ({Predecessor:} 12. Kb1 Qe7 13. Nce2 O-O-O 14. Nc1 Kb8 15. g3 Nb6 16. Qe2 Bc7 17. c3 Nc4 18. Qc2 {1-0 (36) Nakamura,H (2736)-Maghsoodloo,P (2676) Chess.com INT 2020}) 12... Qa5 13. Qd1 O-O-O 14. Kb1 Kb8 (14... Ne5 {seems wilder.} 15. Ka1 Nc4 16. Nce2 Qb4) 15. Nfe2 b5 {[%emt 0:09:29] Hoping for ...b4.} 16. Nc1 Rhe8 17. g3 Qc7 18. N3e2 a5 19. Qd2 Re7 20. Rd1 Qa7 21. c3 Nb6 22. Qc2 Rb7 23. Ka1 Nc4 24. Nb3 Ka8 (24... Kc7 {keeps more tension.} 25. Nd2 Rdb8 26. Rc1 a4) 25. Rb1 Rdb8 (25... b4 {looks sharper.} 26. Nc5 Bxc5 27. dxc5 b3) 26. Nd2 b4 27. cxb4 (27. Rhd1 $1 $15 {should be considered.}) 27... axb4 $17 {[%emt 0:00:56][%cal Oa7a2] ( -> ...Qxa2+!). Black is better.} 28. b3 {[%emt 0:12:37] [#]} Na3 29. Qxc6 Nxb1 30. Rxb1 Qb6 31. Rc1 Qxc6 32. Rxc6 {[%emt 0:00:01] Strongly threatening Ra6+.} Rb6 33. Rc1 Kb7 34. Kb2 Rc8 35. Rd1 Rbc6 36. Nf3 Kb6 37. Nf4 R6c7 38. Bb1 Bxf4 39. gxf4 {[%emt 0:00:01] [#]} Rc3 {[%emt 0:01:11] Weighted Error Value: White=0.07 (flawless) /Black=0.02 (flawless)} (39... Be8 $1 $17) 1/2-1/2

[Event "12th WLC Weekend 2022"]
[Site "Eindhoven"]
[Date "2022.05.13"]
[Round "1.11"]
[White "Van Kuijk, Vadim"]
[Black "Kools, Thomas"]
[Result "0-1"]
[ECO "B41"]
[WhiteElo "1898"]
[BlackElo "2160"]
[Annotator "TA"]
[PlyCount "68"]
[EventDate "2022.05.13"]
[EventType "swiss"]
[EventCountry "NED"]
[SourceTitle "playchess.com"]
[Source "ChessBase"]
[SourceQuality "1"]
[TimeControl "5400+30"]

1. e4 c5 2. Nf3 e6 3. d4 cxd4 4. Nxd4 a6 5. c4 Nf6 6. Nc3 Bb4 7. Bd3 {[%emt 0:00:38] 7.Bd3 was played by the boomers.} Nc6 8. Nxc6 dxc6 9. e5 {[%emt 0:07:04] B41: Sicilian: Kan Variation: 5 c4.} Nd7 10. Qe2 ({White should play} 10. f4 $14) 10... Qa5 $11 {[%emt 0:04:40] [#]} 11. Bd2 $146 {[%emt 0:12:15] Black has an edge.} ({Predecessor:} 11. O-O Qxe5 12. Ne4 Nc5 13. a3 Nxd3 14. Qxd3 Be7 15. Bd2 O-O 16. Bc3 Qh5 17. Rad1 {0-1 (75) Faulks,N (1917)-Sugden,J (2072) Hastings 2018}) 11... Qxe5 ({Of course not} 11... Nxe5 12. Bc2 $11) 12. O-O-O Qxe2 13. Bxe2 O-O 14. Ne4 Be7 15. Be3 Nf6 16. Nxf6+ Bxf6 17. Bb6 e5 18. h4 Be6 19. g4 Rfe8 20. f3 Bd8 21. Bxd8 Raxd8 22. Kc2 c5 23. Rxd8 Rxd8 $17 {[%emt 0:00:07][%mdl 4096] Endgame KRB-KRB} 24. a3 f5 25. Rd1 (25. g5 {might work better.}) 25... Rd4 26. Rxd4 exd4 $19 {[%emt 0:00:07] KB-KB} 27. b4 $2 {[%emt 0:06:22] Loses the game.} (27. Kd3 $17) 27... b6 28. Kd3 $2 {[%emt 0:01:51] [#]} (28. bxc5 bxc5 29. Kd3) 28... fxg4 $1 {[%emt 0:05:57] Black is clearly winning.} 29. fxg4 {[%emt 0:00:13] [#]} h5 $1 30. gxh5 Bf5+ 31. Kd2 Kf7 32. Bd3 Bxd3 33. Kxd3 Kg8 34. h6 g6 {[%emt 0:00:30] Weighted Error Value: White=0.73/Black=0.06 (flawless)} 0-1

[Event "12th WLC Weekend 2022"]
[Site "Eindhoven"]
[Date "2022.05.14"]
[Round "1.12"]
[White "van der Valk, Niklas"]
[Black "Blijlevens, Pim"]
[Result "1-0"]
[ECO "A96"]
[WhiteElo "2200"]
[BlackElo "1958"]
[Annotator "TA"]
[PlyCount "213"]
[EventDate "2022.05.13"]
[EventType "swiss"]
[EventCountry "NED"]
[SourceTitle "playchess.com"]
[Source "ChessBase"]
[SourceQuality "1"]
[TimeControl "5400+30"]

1. c4 f5 2. Nc3 Nf6 3. d4 e6 4. g3 Be7 5. Bg2 O-O 6. Nf3 d6 7. O-O Ne4 8. Qc2 Nxc3 9. bxc3 Bf6 10. e4 fxe4 11. Qxe4 Nc6 {[%emt 0:01:30] A96: Classical Dutch: Fluid Systems: Early deviations.} 12. Re1 e5 {[%emt 0:02:49] [#]} 13. h4 $146 ({Predecessor:} 13. Be3 Re8 14. Qc2 Bg4 15. Rab1 Bxf3 16. Bxf3 exd4 17. Bxc6 bxc6 18. cxd4 Qd7 19. Kg2 {1-0 (35) Dordzhieva,D (2293)-Idrisov,I (2282) Chess.com INT 2021}) 13... g6 (13... Qd7 $14) 14. h5 {[%emt 0:12:46] White is more active.} ({Don't play} 14. dxe5 Re8 $16) ({White should play} 14. Bh6 $16) 14... Bf5 $14 15. Qd5+ Kh8 16. hxg6 hxg6 17. Bh6 Re8 18. Kh2 (18. Rad1 $14 {should be considered.}) 18... Re7 {[%emt 0:09:48] Strongly threatening ...Rh7.} 19. Rh1 Rh7 20. Kg1 {[%emt 0:01:14] [#]} a6 ({Better is} 20... Nxd4 $1 $15 21. Nxd4 (21. cxd4 c6 $17) 21... exd4) 21. dxe5 dxe5 22. Be3 Rxh1+ 23. Kxh1 Qe7 24. Nh2 (24. c5 $11) 24... Rd8 25. Qf3 Kg7 26. Ng4 Bg5 27. Bxg5 (27. Re1 $11) 27... Qxg5 $17 28. Ne3 {[%emt 0:01:04] [#]} Bd3 {[%emt 0:02:32] Inhibits Qe2.} (28... Rd2 $1 $17 {Threatens to win with ...e4.} 29. Kg1 e4) 29. Kg1 e4 30. Qg4 Qxg4 31. Nxg4 Re8 32. Bf1 Ne5 33. Nxe5 Rxe5 34. Bxd3 exd3 $11 {[%emt 0:00:03][%mdl 4096] Endgame KR-KR} 35. Rd1 Rc5 36. Rxd3 Rxc4 37. Kf1 Kf6 38. Ke2 Ra4 39. Rd2 Ra3 40. Kd3 Ke5 41. Kc4 b5+ 42. Kb4 Ra4+ 43. Kb3 Rc4 44. Rd7 Ke6 45. Rh7 Rc6 46. Rg7 Kf6 47. Rd7 Ke5 48. Re7+ Kf5 49. Re3 g5 50. Rf3+ Ke4 51. Rf7 Kd3 52. Rd7+ Ke4 53. Re7+ Kf5 54. f3 Kf6 55. Rh7 {[%emt 0:00:28] aiming for Rh6+.} Kg6 {[%emt 0:02:09] Against Rh6+} 56. Re7 Kf6 57. Rd7 Ke5 58. Rg7 Kf6 59. Rg8 Rc4 60. Rf8+ Kg7 61. Rf5 Kg6 62. Rd5 Kf6 63. a3 Kg6 64. Kc2 Kf6 65. Rd8 Rc6 66. Ra8 Kf5 67. Rf8+ Kg6 68. Re8 Kf7 69. Re5 Kf6 70. Re4 Kg6 71. Kb3 Rf6 72. Re3 Rc6 73. Kc2 Kf5 74. Re4 Kg6 75. Kd3 Kf6 76. a4 Rd6+ 77. Kc2 c5 78. axb5 axb5 79. Re8 c4 80. Rf8+ Kg6 81. Rb8 Rd5 82. Rb6+ Kf7 83. Rb7+ Kf6 84. Rb8 Kf7 85. Rb7+ Kf6 86. g4 Ke6 87. Rb8 Kf6 88. Rf8+ Kg6 89. Kb2 Kg7 90. Rb8 Kg6 91. Rb6+ Kf7 92. Kc2 Kg7 93. Re6 Kf7 94. Rb6 Kg7 95. Rb8 Kg6 96. Kb2 Kg7 97. Ka3 Rd3 98. Kb4 Rxf3 99. Rxb5 Kg6 100. Rc5 Kf6 101. Rxc4 Ke5 102. Rd4 Rf4 103. Kc4 Re4 $2 {[%emt 0:00:33][%mdl 8192] A mistake that costs the game.} (103... Rf2 $11) 104. Rxe4+ $18 Kxe4 {[%emt 0:00:05] White mates.} 105. Kb5 Kf4 106. c4 Kxg4 107. c5 {[%emt 0:00:03] Weighted Error Value: White=0.14 (very precise) /Black=0.14 (very precise)} 1-0

[Event "12th WLC Weekend 2022"]
[Site "Eindhoven"]
[Date "2022.05.13"]
[Round "1.13"]
[White "Molenaar, Toine"]
[Black "Ciornei, Dragos"]
[Result "0-1"]
[ECO "E68"]
[WhiteElo "1823"]
[BlackElo "2164"]
[Annotator "TA"]
[PlyCount "92"]
[EventDate "2022.05.13"]
[EventType "swiss"]
[EventCountry "NED"]
[SourceTitle "playchess.com"]
[Source "ChessBase"]
[SourceQuality "1"]
[TimeControl "5400+30"]

1. d4 Nf6 2. c4 g6 3. Nf3 Bg7 4. Nc3 d6 5. g3 O-O 6. Bg2 Nbd7 7. O-O e5 8. e4 exd4 9. Nxd4 Re8 10. Rb1 {[%emt 0:20:51] E68: King's Indian: Fianchetto: 6...Nbd7 7 0-0 e5 8 e4.} Nc5 11. Re1 a5 12. b3 {[%emt 0:02:44] White has an edge.} c6 (12... Ng4 $11 {is more appropriate.}) 13. Bb2 ({Better is} 13. h3 $14) 13... Qb6 14. Nc2 Ng4 {[%emt 0:05:09][%cal Og4f2] [#] aiming for ...Nxf2!} 15. Ne3 {[%emt 0:16:05] [#]} Ne5 $146 ({Predecessor:} 15... Nxe3 16. Rxe3 Be6 17. Ba1 Rad8 18. h3 Qb4 19. Qe1 f5 20. a3 Qb6 21. b4 axb4 22. axb4 Nxe4 {1-0 (34) Cmilyte,V (2464)-Melamed,T (2363) Kemer 2007}) 16. Bf1 {[%emt 0:00:59] Against Ned3} Be6 17. Kg2 {[%emt 0:08:37] Threatens to win with f4.} f6 (17... h5 $11) 18. f4 Nf7 19. Bd3 Nxd3 20. Qxd3 Rad8 21. Qc2 Qc7 22. Rbd1 Qc8 (22... Nh6 $14) 23. Kf2 ({White should play} 23. f5 $16) 23... f5 24. exf5 Bxf5 25. Nxf5 Qxf5 26. Qxf5 gxf5 27. Na4 Bxb2 28. Nxb2 Kg7 29. Nd3 Kf6 30. Rxe8 (30. Kf3 {looks sharper.} h5 31. Rxe8 Rxe8 32. Ne1) 30... Rxe8 $14 {[%emt 0:00:14][%mdl 4096] Endgame KRN-KRN} 31. Ne1 a4 32. Nf3 axb3 33. axb3 Ra8 34. Ke3 Ra3 35. Rd3 h6 36. Kd4 Ra2 37. Kc3 c5 {[%emt 0:02:35] Against Nd4} 38. Rd5 Ke6 39. Rd3 Nd8 40. Re3+ Kd7 41. Nh4 $2 {[%emt 0:00:48] [#]} (41. Rd3 $11) 41... Nc6 $1 $19 42. Rd3 ({Don't go for} 42. Nxf5 $2 Nb4 43. Nd4 cxd4+ 44. Kxd4 Nc2+ 45. Ke4 Nxe3 46. Kxe3 Rxh2 $19) 42... Nd4 {[%emt 0:01:10] ( -> ...Rc2#)} 43. Rxd4 $2 (43. Rd2 Rxd2 44. Kxd2) 43... cxd4+ 44. Kxd4 Ke6 ({And not} 44... Rxh2 45. Nxf5 Ke6 46. g4 $17) 45. Nf3 Rb2 46. c5 $2 (46. Kc3 Rf2 47. Nd4+ Kf6 48. Kd3) 46... Rxb3 {[%emt 0:00:37] Weighted Error Value: White=0.49/Black=0.11 (very precise)} 0-1

[Event "12th WLC Weekend 2022"]
[Site "Eindhoven"]
[Date "2022.05.13"]
[Round "1.14"]
[White "Albers, Sasa"]
[Black "Bakija, Alan"]
[Result "1-0"]
[ECO "B11"]
[WhiteElo "2117"]
[BlackElo "1868"]
[Annotator "TA"]
[PlyCount "107"]
[EventDate "2022.05.13"]
[EventType "swiss"]
[EventCountry "NED"]
[SourceTitle "playchess.com"]
[Source "ChessBase"]
[SourceQuality "1"]
[TimeControl "5400+30"]

1. e4 c6 2. Nf3 d5 3. Nc3 Bg4 4. h3 Bxf3 5. Qxf3 e6 6. Be2 Bc5 {[%emt 0:00:09] B11: Caro-Kann: Two Knights Variation.} 7. O-O Ne7 8. Na4 Bd6 {[%emt 0:00:41] The position is equal.} 9. d4 O-O {[%emt 0:08:24] [#]} 10. Bd3 $146 (10. e5 $5 Bc7 11. Qd3 $14) ({Predecessor:} 10. e5 Bc7 11. Bd3 Ng6 12. Qg4 Nd7 13. Bg5 Qe8 14. Rae1 c5 15. Bxg6 fxg6 16. Nxc5 Nxc5 17. dxc5 {½-½ (60) Stork,O (2365)-Suvorov,L (2292) Willingen 2021}) 10... Nd7 11. exd5 (11. e5 $14 Bc7 12. Qg4 (12. Qh5 g6 $11)) 11... cxd5 $11 12. Nc3 Nc6 13. Nb5 (13. Qh5 g6 14. Qd1 Nxd4 $17) 13... Bb8 (13... Nf6 14. Nxd6 Qxd6 15. Bf4 $14) 14. c3 (14. Qh5 g6 15. Qd1 a6 $17) 14... a6 15. Na3 (15. Qh5 $2 Nf6 16. Qh4 axb5 $19) 15... b5 16. Nc2 Qb6 17. Be3 Bd6 18. b3 $40 {[%emt 0:15:13][%mdl 128] White is up to no good.} Na5 19. Rab1 Qc7 {[%emt 0:17:19] Prevents c4.} 20. Rfc1 Rfc8 (20... Qxc3 $2 21. Ne1 Qb4 22. a3 (22. Qh5 Nf6 $11) 22... Qxa3 23. Nc2 $18) 21. Ne1 Nb6 22. Bf1 (22. Qg4 {feels hotter.} Nd7 23. Bh6 g6 24. Nf3) 22... Qd8 23. Nd3 Ba3 24. Rc2 Ra7 (24... Bd6 $11) 25. Nc5 $16 {[%emt 0:08:35] Black is now going downhill.} Bxc5 ({Black should play} 25... Qh4) 26. dxc5 Nd7 27. a4 Rb7 28. axb5 axb5 29. Ra2 Nc6 30. b4 Ra8 31. Rba1 Rba7 (31... Rxa2 $16 32. Rxa2 Qc8) 32. Rxa7 $18 (32. Bxb5 $2 Rxa2 33. Rxa2 Rxa2 $19) 32... Rxa7 33. Rxa7 Nxa7 34. Qg3 {[%emt 0:00:26] Against Ne5. Black must now prevent Bh6.} Qb8 (34... e5 $142 35. f4 Qc7) 35. Qd6 Qb7 36. Bd4 Nc8 37. Qg3 {[%emt 0:01:29][%csl Gd4][%cal Rg3g7] [#]} f6 38. f4 Ne7 39. Qd3 Nc6 40. Qxb5 Qc7 41. Bf2 e5 42. Qd3 d4 (42... Ne7 43. c4 d4) 43. cxd4 {[%emt 0:00:14] White is clearly winning.} exd4 44. Bxd4 Qxf4 45. Bf2 {[%emt 0:00:40] This bishop pair is nice.} Nde5 46. Qd5+ Kf8 47. b5 Nb4 48. Qa8+ Kf7 49. b6 (49. c6 $142) 49... Nbd3 50. Qa2+ Kg6 51. b7 {[%emt 0:00:25] [#] And now Bxd3+ would win.} Nxf2 52. Qxf2 (52. Qb1+ Kg5 53. h4+ (53. Qxh7 Nxh3+ 54. gxh3 Nf3+ 55. Kf2 Nh2+ 56. Kg1 Nf3+ 57. Kg2 Nh4+ 58. Kg1 Nf3+ $11) 53... Kh6 $17) 52... Qb4 53. c6 Qd6 54. Qc2+ {[%emt 0:00:23] Weighted Error Value: White=0.23 (precise) /Black=0.30} 1-0

[Event "12th WLC Weekend 2022"]
[Site "Eindhoven"]
[Date "2022.05.13"]
[Round "1.15"]
[White "Dekker, Marvin"]
[Black "Van Helvoort, Rob"]
[Result "1/2-1/2"]
[ECO "D87"]
[WhiteElo "2014"]
[BlackElo "2133"]
[Annotator "TA"]
[PlyCount "38"]
[EventDate "2022.05.13"]
[EventType "swiss"]
[EventCountry "NED"]
[SourceTitle "playchess.com"]
[Source "ChessBase"]
[SourceQuality "1"]
[TimeControl "5400+30"]

1. d4 Nf6 2. c4 g6 3. Nc3 d5 4. cxd5 Nxd5 5. e4 Nxc3 6. bxc3 Bg7 7. Bc4 O-O 8. Ne2 c5 9. Be3 Nc6 10. O-O Qc7 11. Rc1 b6 12. Qd2 {[%emt 0:11:03] 12.h4 is more advanced technology.} Bb7 {[%emt 0:01:04] D87: Exchange Grünfeld: Classical Line: Variations without ...cxd4.} 13. Bh6 Rad8 {[%emt 0:03:13] [#]} 14. Bd5 $146 ({Predecessor:} 14. Bxg7 Kxg7 15. f4 Qd7 16. Bb5 Qe6 17. f5 Qd6 18. Bxc6 Bxc6 19. d5 Bd7 20. c4 {0-1 (41) Vachier Lagrave,M (2722)-Morozevich,A (2694) Biel 2011}) 14... e6 {[%emt 0:37:54] [#] Hoping for ...Bxh6. Black has an edge.} 15. Bxc6 Qxc6 16. Bxg7 Kxg7 17. Qg5 (17. Ng3 $11 {and White stays safe.}) 17... f6 (17... Qxe4 $19 18. Rfe1 Qd5) 18. Qg3 Ba6 (18... Qxe4 $17 {Threatens to win with ...Ba6.} 19. Rfe1 e5) 19. Qe3 $11 Bxe2 {[%emt 0:04:07] Weighted Error Value: White=0.42/Black=0.41} 1/2-1/2

[Event "12th WLC Weekend 2022"]
[Site "Eindhoven"]
[Date "2022.05.13"]
[Round "1.16"]
[White "Roebers, Jan"]
[Black "Weijers, Ralf"]
[Result "1/2-1/2"]
[ECO "B07"]
[WhiteElo "2126"]
[BlackElo "1857"]
[Annotator "TA"]
[PlyCount "56"]
[EventDate "2022.05.13"]
[EventType "swiss"]
[EventCountry "NED"]
[SourceTitle "playchess.com"]
[Source "ChessBase"]
[SourceQuality "1"]
[TimeControl "5400+30"]

1. e4 d6 2. Nc3 Nf6 3. f4 Nbd7 4. Nf3 e5 5. d4 exd4 6. Qxd4 c6 7. Be3 d5 8. e5 {[%emt 0:12:33] B07: Pirc Defence: Miscellaneous Systems.} Bc5 9. Qd2 {[%emt 0:02:56] White is more active.} Ng4 10. Bxc5 {[%emt 0:01:55] White is better.} Nxc5 11. h3 Nh6 12. g4 {[%emt 0:00:57] [#]} f5 $146 ({Predecessor:} 12... b5 13. b4 Nd7 14. a4 bxa4 15. b5 Bb7 16. bxc6 Bxc6 17. Nd4 Qh4+ 18. Qf2 Qxf2+ 19. Kxf2 {1-0 (42) Grieve,H (196)-Klingher,D (200) Daventry 2017}) 13. exf6 Qxf6 14. O-O-O $36 {[%emt 0:02:52][%mdl 2048] White has some pressure.} Nf7 $2 (14... O-O $14) 15. Re1+ $18 (15. g5 Qd6 $16) 15... Kd8 {[%emt 0:02:53] [#]} 16. Bg2 (16. Nxd5 $1 $18 {[%mdl 512] is the precise move to win.} cxd5 17. Qxd5+ Nd7 18. f5 (18. Nd4 Kc7 $16)) 16... Qd6 (16... Bd7 $16) 17. f5 h6 (17... Bd7 {was necessary.} 18. Kb1 Re8) 18. Qd4 Rg8 19. Re2 Bd7 20. Rhe1 {[%emt 0:00:24][%cal Oe2e7] Strongly threatening Re7!} h5 $2 (20... Kc7 {is a better defense.} 21. Re7 Raf8) 21. Re7 hxg4 22. hxg4 ({Weaker is} 22. Rxf7 gxf3 23. Bxf3 Rf8 24. Rxf8+ (24. Qxg7 Rxf7 25. Qxf7 Kc7 $14) (24. Rxg7 Bxf5 25. Qh4+ Kc8 $18) 24... Qxf8 $18) 22... Nh6 23. Rxg7 {[%emt 0:02:24] The board is on fire.} (23. Nd2 $142 {[%cal Od2c4] Nc4! is the strong threat.} b5 24. b4) 23... Kc7 24. Rxg8 Rxg8 25. Ne5 {[%emt 0:02:28] Black must now prevent Re2.} Nxf5 26. gxf5 Rxg2 27. Nxd7 (27. Nf7 $16 Qf8 28. Qf4+ Kb6 29. Nd6) 27... Nxd7 $11 28. Qh4 (28. Qxa7 $11 Qf4+ 29. Kb1) 28... Qh2 {[%emt 0:03:48] Weighted Error Value: White=0.38/Black=0.45} (28... Rh2 $5 29. Qa4 a6 $17) 1/2-1/2

[Event "12th WLC Weekend 2022"]
[Site "Eindhoven"]
[Date "2022.05.13"]
[Round "1.17"]
[White "Kurt, Sascha"]
[Black "Van Doren, Bas"]
[Result "0-1"]
[ECO "B42"]
[WhiteElo "1751"]
[BlackElo "2102"]
[Annotator "TA"]
[PlyCount "64"]
[EventDate "2022.05.13"]
[EventType "swiss"]
[EventCountry "NED"]
[SourceTitle "playchess.com"]
[Source "ChessBase"]
[SourceQuality "1"]
[TimeControl "5400+30"]

1. e4 c5 2. Nf3 e6 3. d4 cxd4 4. Nxd4 a6 5. Bd3 Bc5 6. Nb3 Ba7 7. O-O Nc6 8. Bf4 {[%emt 0:06:18] B42: Sicilian: Kan Variation: 5 Bd3.} d6 {[%emt 0:03:23] [#]} 9. a4 $146 ({Predecessor:} 9. Qd2 Nf6 10. Nc3 h6 11. Be2 e5 12. Be3 Bxe3 13. Qxe3 Be6 14. Rad1 Qc7 15. Rd2 O-O {½-½ (39) Luther,T (2480)-Bezold,M (2490) Bad Wildbad 1993}) 9... Nge7 10. Kh1 {[%emt 0:03:16] The position is equal.} Ng6 11. Bg3 e5 12. Bc4 h5 {[%emt 0:07:18] aiming for ...h4.} 13. h3 Nf4 14. Bxf4 (14. Nc3 $11 {remains equal.}) 14... exf4 $17 {[%emt 0:00:08] Black keeps a firm grip on the game.} 15. N1d2 Ne5 $1 {[%emt 0:02:36][%cal Oc8h3,Bc6e5,Be5g4,Bg4e3][%mdl 32] ...Bxh3! is the strong threat.} 16. Be2 {[%emt 0:05:54] [#]} (16. Qe2 $17 {might work better.}) 16... Bxh3 $1 $19 17. gxh3 (17. Nf3 Bg4 18. Nbd4) 17... Qh4 $1 18. Kh2 Ng4+ ({Inferior is} 18... Bxf2 19. Rxf2 Qxf2+ 20. Kh1 $17) 19. Kg2 {[%emt 0:01:48] [#]} Bxf2 $1 20. Bb5+ axb5 21. Qf3 Ne3+ 22. Kh1 Bg3 23. Qe2 Qxh3+ 24. Kg1 Kf8 (24... Rh6 $142 25. Qxb5+ Kf8 26. Qe8+ Rxe8 27. Rf2 Rg6 28. Nf3 Bxf2+ 29. Kxf2 Rg2+ 30. Ke1 Qg3#) 25. Nf3 Nxf1 26. Rxf1 Rh6 {[%emt 0:00:42] ( -> ...Rg6)} 27. Ng5 Qg4 28. Qxb5 Bh4+ (28... Be1+ $142 29. Kh1 Qh4+ 30. Kg2 Rg6 31. Rxe1 Qxe1 32. Qd5 f3+ 33. Kh3 Qf1+ 34. Kg3 {[#]} Rxg5+ $1 35. Qxg5 Qg1+ 36. Kf4 f2 37. Qb5 h4 38. Kf3 f1=Q+ 39. Qxf1 Qxf1+ 40. Ke3 h3 41. Nd2 Qe1+ 42. Kd3 h2 43. Nf3 Qd1+ 44. Nd2 h1=Q 45. Kc3 Qh3+ 46. Nf3 Qc8+ 47. Kb4 Qdxc2 48. Nh4 Qxa4#) 29. Kh2 Qxg5 30. Qxb7 Qg3+ {[%emt 0:00:07] Black mates.} 31. Kh1 Qh3+ 32. Kg1 Rg6# {[%emt 0:00:34] Weighted Error Value: White=0.84/Black=0.54} 0-1

[Event "12th WLC Weekend 2022"]
[Site "Eindhoven"]
[Date "2022.05.13"]
[Round "1.18"]
[White "Slagboom, Leandro"]
[Black "Klapwijk, Leo"]
[Result "1-0"]
[ECO "A15"]
[WhiteElo "1997"]
[BlackElo "1828"]
[Annotator "TA"]
[PlyCount "69"]
[EventDate "2022.05.13"]
[EventType "swiss"]
[EventCountry "NED"]
[SourceTitle "playchess.com"]
[Source "ChessBase"]
[SourceQuality "1"]
[TimeControl "5400+30"]

1. Nf3 Nf6 2. c4 g6 3. g3 Bg7 4. Bg2 Nc6 5. d4 e6 6. O-O O-O 7. Nc3 {[%emt 0:00:28] [#] A15: English Opening: 1...Nf6.} Re8 $146 ({Predecessor:} 7... d6 8. e4 a5 9. h3 Bd7 10. e5 Ne8 11. Bg5 f6 12. exf6 Bxf6 13. Be3 Bg7 14. Qd2 Nf6 15. Rfe1 Nb4 16. Rad1 {0-1 (89) Tarun,K (2325)-Manolache,M (2485) Chess.com INT 2022}) 8. e4 d5 9. e5 {[%emt 0:04:09] [#] Strongly threatening Bg5. White is slightly better.} Ne4 {[%emt 0:00:10] Against Bg5} 10. Qe2 f5 (10... Nxc3 $14 11. bxc3 b6) 11. exf6 $16 Nxf6 12. Bg5 a6 (12... h6 $16) 13. Rfe1 $36 {[%emt 0:04:02][%mdl 2048] Black is under strong pressure.} dxc4 14. Qxc4 Rb8 (14... Qd7 $142 15. Bxf6 Bxf6) 15. Rad1 Na5 16. Qa4 c6 17. Ne4 Rf8 18. Ne5 {[%emt 0:04:29] [#] Ng4 is the strong threat.} b5 19. Qc2 {[%emt 0:04:54] Hoping for Ng4.} Qc7 20. b4 Nc4 21. Nxc4 bxc4 (21... Nxe4 $142 22. Rxe4 (22. Bxe4 bxc4 23. Qxc4 Qd6 $18) 22... bxc4) 22. Bf4 Qb6 23. Bxb8 Qxb8 24. Nxf6+ Bxf6 25. Qxc4 a5 26. bxa5 Qa7 27. Qc5 Qf7 28. f4 Bd7 29. a6 Be7 30. Qb6 Rc8 31. a7 Qe8 32. Rc1 {[%emt 0:03:39][%cal Og2c6] aiming for Bxc6!} Bd6 33. d5 Bc7 34. Qb7 Ba5 35. dxc6 {[%emt 0:01:29] Black got outplayed after the opening.  Weighted Error Value: White=0.06 (flawless) /Black=0.40} 1-0

[Event "12th WLC Weekend 2022"]
[Site "Eindhoven"]
[Date "2022.05.13"]
[Round "1.19"]
[White "Lind, Jacco"]
[Black "Margarido, Jose Miguel Teixeira"]
[Result "0-1"]
[ECO "B46"]
[WhiteElo "1801"]
[BlackElo "2127"]
[Annotator "TA"]
[PlyCount "98"]
[EventDate "2022.05.13"]
[EventType "swiss"]
[EventCountry "NED"]
[SourceTitle "playchess.com"]
[Source "ChessBase"]
[SourceQuality "1"]
[TimeControl "5400+30"]

1. e4 c5 2. Nf3 e6 3. d4 cxd4 4. Nxd4 Nc6 5. Nc3 a6 6. g4 {[%emt 0:02:50] B46: Sicilian: Taimanov: 5 Nc3 a6.} Qc7 7. a3 h6 8. Bg2 {[%emt 0:02:40] The position is equal.} Nf6 9. h3 {[%emt 0:00:05] [#]} Be7 $146 ({Predecessor:} 9... b5 10. O-O Bb7 11. Re1 Ne5 12. Bf4 d6 13. Bc1 Be7 14. f4 Nc4 15. g5 hxg5 16. fxg5 {0-1 (42) Ajanski,J-Velikov,P Sofia 1971}) 10. Nde2 d6 11. O-O $1 b5 (11... O-O {seems wilder.} 12. f4 b5 13. Qe1 b4) 12. Be3 (12. Qe1 {keeps more tension.} O-O 13. f4 b4 14. axb4 Nxb4 15. Qd1) 12... Bb7 13. f4 O-O 14. Ng3 (14. Qe1 $11) 14... Rac8 (14... Na5 $17) 15. Qe2 (15. h4 $1 $11) 15... Nh7 (15... Na5 $17 16. g5 hxg5 17. fxg5 Nh7) 16. Qf2 $15 Bh4 17. Nce2 Qe7 18. Qe1 Qc7 19. c3 ({White should try} 19. Qf2 $11) 19... Na5 20. Rd1 (20. Bf2 $15) 20... Nc4 $17 21. Bc1 Rfe8 {[%emt 0:12:06] Black is more active.} 22. Rd3 Qe7 (22... e5 $17 {White must now prevent ...exf4.} 23. b3 Qc5+ 24. Kh2 exf4 25. Bxf4 Ne5) 23. Qd1 $11 Red8 24. Nd4 Qc7 25. f5 (25. b3 $11 {keeps the balance.}) 25... Re8 (25... e5 $17 26. Nde2 Nf6) 26. Nh5 $15 Ne5 27. Re3 Nf6 28. Nxf6+ Bxf6 29. g5 hxg5 30. Rg3 Qe7 (30... d5 $11 {remains equal.} 31. fxe6 dxe4) 31. Qh5 $1 $16 g6 {[%emt 0:00:29] [#]} (31... exf5 $2 32. Nxf5 Qf8 33. Bxg5 Bxg5 34. Rxg5 $18) 32. fxg6 (32. Bxg5 $1 $16 gxh5 33. Bxf6+ Kf8 34. Bxe7+ Kxe7 35. fxe6) 32... fxg6 $11 33. Qh6 Qg7 $36 {[%emt 0:00:48][%mdl 2048] White is under pressure.} 34. Bxg5 (34. Qxg7+ $11 Kxg7 35. Bxg5 Bxg5 36. Rxg5) 34... Qxh6 $19 35. Bxh6 Bh4 36. Re3 {[%emt 0:00:48] [#]} Nf7 $1 37. Nf3 $2 {[%emt 0:00:41] [#]} (37. Rf4 Bd8 38. Rxf7 Kxf7 39. Rf3+ Kg8 40. Rd3) 37... Bd8 $1 38. Bf4 Bb6 {[%emt 0:00:35][%csl LRe3,LRe4] aiming for ...e5.} 39. Ng5 $2 (39. Rfe1) 39... Bxe3+ $2 (39... e5 40. Nxf7 exf4 41. Nxd6 fxe3 42. Nxc8 Bxc8) 40. Bxe3 Nxg5 41. Bxg5 d5 42. e5 Rc4 (42... Rf8 $17 {Threatens to win with ...Rxf1+.} 43. Bf6 Rf7) 43. Rf3 $2 ({Better is} 43. Rf6 $15) 43... d4 44. Rf6 Bxg2 45. Kxg2 dxc3 46. Rxg6+ Kh7 47. Rh6+ Kg7 48. bxc3 Re4 ({Avoid the trap} 48... Rxc3 $2 49. h4 $19) 49. Rh5 Kg6 {[%emt 0:00:27] Weighted Error Value: White=0.54/Black=0.34} 0-1